 Dungeon Crawl Stone Soup version 0.32-a0-314-g526f7d4993 (webtiles) character file.

Game seed: 15131565166174234404

9 ezpacito the Ducker (level 2, 14/22 HPs)
             Began as a Demonspawn Gladiator on Feb 15, 2024.
             Quit the game on level 1 of the Dungeon.
             The game lasted 00:00:16 (30 turns).

ezpacito the Ducker (Demonspawn Gladiator)            Turns: 30, Time: 00:00:17

Health: 14/22      AC:  3    Str: 14    XL:     2   Next: 3%
Magic:  2/2        EV: 12    Int:  8    God:
Gold:   0          SH:  0    Dex: 14    Spells: 1/1 levels left

rFire   . . .        a - +0 war axe
rCold   . . .        (no shield)
rNeg    . . .        b - +0 leather armour
rPois   .            (helmet restricted)
rElec   .            (no cloak)
rCorr   .            (no gloves)
SInv    .            (no boots)
Will    .....        (no amulet)
Stlth   +            (no ring)
HPRegen 0.23/turn    (no ring)
MPRegen 0.08/turn

%: no passive effects
@: no status effects
A: antennae 1
a: no special abilities


You were on level 1 of the Dungeon.
You visited 1 branch of the dungeon, and saw 1 of its levels.

Inventory:

Hand Weapons
 a - a +0 war axe (weapon)
Missiles
 d - 3 throwing nets (quivered)
 e - a javelin
Armour
 b - a +0 leather armour (worn)
 c - a +0 helmet
Scrolls
 f - a scroll of identify {unknown}


   Skills:
 * Level 2.0 Fighting
 * Level 2.7 Axes
 + Level 1.7 Throwing
 + Level 2.9 Dodging
 * Level 0.1 Stealth
 * Level 0.5 Unarmed Combat
 * Level 0.1 Spellcasting


You had one spell level left.
You didn't know any spells.
Your spell library was empty.

Dungeon Overview and Level Annotations

Branches:
Dungeon (1/15)

Altars:


Innate Abilities, Weirdness & Mutations

You have a pair of small antennae on your head.


Message History

You miss the kobold. You hit the endoplasm. The endoplasm misses you.
The kobold hits you but does no damage.
You hit the endoplasm.
The endoplasm is almost dead.
You closely miss the kobold. You hit the goblin.
You kill the goblin!
The endoplasm barely misses you. The kobold closely misses you.
You barely miss the endoplasm.
The endoplasm is almost dead.
You barely miss the kobold. The endoplasm barely misses you.
The kobold hits you with a +0 dagger. The kobold hits you but does no damage.
The endoplasm freezes you.
You are frozen.
You hit the endoplasm but do no damage.
The endoplasm is almost dead.
You barely miss the frilled lizard. You hit the kobold.
You kill the kobold!
The endoplasm freezes you.
You are frozen.
The frilled lizard bites you but does no damage.
You slash the endoplasm!
You kill the endoplasm!
You closely miss the frilled lizard. The frilled lizard barely misses you.
You closely miss the frilled lizard. The frilled lizard misses you.
The frilled lizard bites you but does no damage.
You barely miss the frilled lizard. The frilled lizard barely misses you.
You miss the frilled lizard. The frilled lizard closely misses you.
The frilled lizard misses you.
You closely miss the frilled lizard.
The frilled lizard bites you but does no damage.
You closely miss the frilled lizard. The frilled lizard barely misses you.
You miss the frilled lizard.
The frilled lizard bites you but does no damage. x2
You hit the frilled lizard.
You kill the frilled lizard!
You have reached level 2!
Your demonic ancestry asserts itself...
A pair of antennae grows on your head!
Your +0 helmet falls away!
Are you sure you want to abandon this character and quit the game? (Confirm with "yes".)

.........# ...#
..........# ...#
..........#....#
#........#.....
#.............
#............. #
###.....))#.....
#.........@)......
#..######..†.....#
#............#....
#####''####.......
#ß......ß########
#≈......§#
#≈......≈#
#≈......≈#
#§..ßß..≈#


There were no monsters in sight!

Vanquished Creatures
  An endoplasm (D:1)
  2 kobolds (D:1)
  A frilled lizard (D:1)
  A goblin (D:1)
5 creatures vanquished.

Notes
Turn   | Place    | Note
-------+----------+-------------------------------------------
     0 | D:1      | ezpacito the Demonspawn Gladiator began the quest for the
                  | Orb.
     0 | D:1      | Reached XP level 1. HP: 16/16 MP: 1/1
    30 | D:1      | Gained mutation: You have a pair of small antennae on your
                  | head. [demonic ancestry]
    30 | D:1      | Reached XP level 2. HP: 14/22 MP: 2/2
    30 | D:1      | Quit the game

Illustrated notes

Levels and vault maps discovered:
D:1:      lightli_arrival_noodles, layout_rooms, basic_ecumenical_altar

Action                     || total
---------------------------++-------
  Melee: War axe           ||    15
 Armour: Leather armour    ||    14
  Dodge: Dodged            ||    12

Table legend: (Time is in decaauts)
 A = Elapsed time spent in this place.
 B = Non-inter-level travel time spent in this place.
 C = Inter-level travel time spent in this place.
 D = Time resting spent in this place.
 E = Time spent auto-exploring this place.
 F = Levels seen in this place.
 G = Mean time per level.
                   A        B        C        D        E       F      G
               +--------+--------+--------+--------+--------+-----+--------+
         Total |     35 |     35 |      0 |      0 |      9 |   1 |   35.0 |
       Dungeon |     35 |     35 |      0 |      0 |      9 |   1 |   35.0 |
               +--------+--------+--------+--------+--------+-----+--------+

Top non-repeatable levels by time:
     D:1: 35 daAuts
